Kings vs Sénateurs (R1)

Created - 15 septembre 2014 at 19:04

Simulating a Pre-Season

Goals
1 2 3 OT1 SO T
Kings 0 1 0 0 0 1
Sénateurs 1 0 0 0 1 2
Shots
1 2 3 OT1 SO T
Kings 16 11 6 0 3 33
Sénateurs 12 21 4 0 2 37

1st period

1. Sénateurs , B.J. Crombeen 1 (Darcy Hordichuk, Sami Salo) at 4:04

Penalties :
Vitaly Vishnevsky (Ott) for Hooking (Minor) at 9:15, Dan Girardi (Ott) for Hooking (Minor) at 14:12, B.J. Crombeen (Ott) for High sticking (Minor) at 19:09

2nd period

2. Kings , Patrick Kane 6 (Henrik Zetterberg, Anze Kopitar) at 1:19 (PP)

Penalties :
Dan Girardi (Ott) for Roughing (Minor) at 1:05, Mikkel Boedker (LAK) for Diving (Minor) at 4:45, Viktor Kozlov (LAK) for Holding (Minor) at 16:17, Sami Salo (Ott) for Kneeing (Major) at 18:50

3rd period

No Goal

Penalties :
Sergei Samsonov (LAK) for Holding (Minor) at 12:15, Carlo Colaiacovo (Ott) for Tripping (Minor) at 17:29

Overtime #1

No Goal

Penalties :
No Penalty

Shootout

Penalty Shot by Anze Kopitar for Kings - Stopped by Jonas Hiller
Penalty Shot by Gilbert Brule for Sénateurs - Goal!
Penalty Shot by Mikkel Boedker for Kings - Stopped by Jonas Hiller
Penalty Shot by Jean-Pierre Dumont for Sénateurs - Stopped by Nikolai Khabibulin
Penalty Shot by Patrick Kane for Kings - Stopped by Jonas Hiller

Penalties :
No Penalty

Goalie Stats

Nikolai Khabibulin (LAK), 36 saves from 37 shots - (0,973), OTL, 0-0-2, 65:00 minutes
Jonas Hiller (Ott), 32 saves from 33 shots - (0,970), W, 2-1-0, 65:00 minutes

Players Stats for Kings

Player Name              G  A  P  +/- PIM S  H  SB GA TA FO     MP     PP MP  PK MP  
------------------------------------------------------------------------------------
Adrian Aucoin            0  0  0   0  0   3  2  0  2  0  0/0    24:30   5:07   1:48 
Anze Kopitar             0  1  1   0  0   1  4  1  1  0  14/30  22:53   7:07   1:11 
Chris Higgins            0  0  0  -1  0   4  0  0  0  1  0/0    17:59   5:14   1:34 
Cory Sarich              0  0  0  -1  0   0  1  0  0  0  0/0    16:03   0:48   1:48 
Henrik Zetterberg        0  1  1   0  0   1  1  1  0  0  1/1    20:24   7:02   0:38 
Justin Williams          0  0  0   0  0   1  1  0  0  0  0/0     8:41   0:32   0:00 
Lubomir Visnovsky        0  0  0  -1  0   0  1  2  0  2  0/0    17:36   0:48   4:09 
Luke Schenn              0  0  0   0  0   2  0  1  0  0  0/0    24:04   7:21   0:00 
Mark Streit              0  0  0   0  0   0  0  0  0  1  0/0    23:53   7:21   0:00 
Mikkel Boedker           0  0  0   0  2   0  5  0  2  0  2/2    18:13   5:05   0:00 
Nathan Horton            0  0  0   0  0   1  0  0  1  0  0/0    15:24   5:05   0:00 
Patrick Kane             1  0  1   0  0   9  1  0  2  0  1/2    21:34   7:12   0:00 
Randy Robitaille         0  0  0   0  0   0  0  0  0  0  1/5    12:49   0:15   3:08 
Ryan Getzlaf             0  0  0   0  0   2  1  0  1  1  10/16  17:48   5:04   1:46 
Sean Zimmerman           0  0  0   0  0   1  0  0  0  0  0/0    18:43   0:00   4:09 
Sergei Samsonov          0  0  0   0  2   3  1  1  0  0  0/0    12:01   0:50   2:11 
Sheldon Keefe            0  0  0  -1  0   2  3  0  0  0  0/0    10:39   0:00   1:00 
Viktor Kozlov            0  0  0  -1  2   3  1  0  0  0  4/6    10:46   0:39   0:26 

Players Stats for Sénateurs

Player Name              G  A  P  +/- PIM S  H  SB GA TA FO     MP     PP MP  PK MP  
------------------------------------------------------------------------------------
Andrew Ebbett            0  0  0   0  0   2  0  0  0  0  2/4    11:29   0:02   1:09 
Andy Hilbert             0  0  0   0  0   2  1  0  0  0  0/0    11:14   0:00   2:03 
Andy McDonald            0  0  0   0  0   2  1  1  0  0  3/4    20:36   3:07   4:20 
B.J. Crombeen            1  0  1   1  2   6  1  0  1  1  0/1    13:22   0:02   0:11 
Carlo Colaiacovo         0  0  0   0  2   4  0  5  0  0  0/0    22:42   2:25   4:16 
Dan Girardi              0  0  0   0  4   1  1  1  0  0  0/0    23:15   2:25   4:12 
Dan Hamhuis              0  0  0   0  0   3  2  2  0  2  0/0    28:24   3:32   7:40 
Darcy Hordichuk          0  1  1   1  0   0  1  1  0  0  0/0    14:39   2:48   0:36 
Daymond Langkow          0  0  0   1  0   3  1  0  0  1  8/13   19:14   2:48   3:51 
Gilbert Brule            0  0  0   0  0   2  0  0  0  1  14/36  24:55   3:07   7:22 
Jean-Pierre Dumont       0  0  0   0  0   1  2  1  1  1  1/1    24:39   3:07   7:08 
Nikita Alexeev           0  0  0   0  0   1  0  0  0  0  0/0     8:29   0:02   0:00 
Nikolai Kulemin          0  0  0   0  0   0  0  1  0  0  0/0     8:32   0:00   0:00 
Rob Niedermayer          0  0  0   0  0   2  0  0  1  0  1/3     8:03   0:00   0:00 
Ryan Parent              0  0  0   1  0   1  0  2  1  0  0/0    15:40   0:00   3:00 
Sami Salo                0  1  1   1  5   1  1  0  0  0  0/0    12:48   0:00   0:04 
Todd Bertuzzi            0  0  0   0  0   2  0  0  0  0  0/0    11:22   2:48   0:00 
Vitaly Vishnevsky        0  0  0   0  2   4  0  1  1  3  0/0    27:22   3:32   6:28 

3 Stars

1 - Nikolai Khabibulin (LAK)
2 - Jonas Hiller (Ott)
3 - Patrick Kane (LAK)

Power Play

Kings - 1 on 6 Attempt(s) - 16,67%
Sénateurs - 0 on 3 Attempt(s) - 0,00%

Penalty Kill

Kings - 3 on 3 Attempt(s) - 100,00% - Score 0 goal in Penalty Kill
Sénateurs - 5 on 6 Attempt(s) - 83,33% - Score 0 goal in Penalty Kill

Official

Referees : Hasenfratz Mike and Rooney Chris
Linesman : Jay Sharrers and Jean Morin

Game Notes

No Game Note

Kings

5 vs 5 Forward 
   Center                   Left Wing                Right Wing               Time % Phy DF OF 
 1 Anze Kopitar             Mikkel Boedker           Patrick Kane             35     0   2  3  
 2 Ryan Getzlaf             Henrik Zetterberg        Nathan Horton            30     1   2  2  
 3 Viktor Kozlov            Chris Higgins            Sheldon Keefe            25     1   2  2  
 4 Randy Robitaille         Sergei Samsonov          Justin Williams          10     0   3  2  

5 vs 5 Defense 
   Defense                  Defense                                           Time % Phy DF OF 
 1 Mark Streit              Sean Zimmerman                                    35     0   3  2  
 2 Adrian Aucoin            Luke Schenn                                       35     1   2  2  
 3 Lubomir Visnovsky        Cory Sarich                                       25     0   4  1  
 4 Lubomir Visnovsky        Cory Sarich                                       5      0   4  1  

PowerPlay Forward 
   Center                   Left Wing                Right Wing               Time % Phy DF OF 
 1 Anze Kopitar             Henrik Zetterberg        Patrick Kane             60     0   1  4  
 2 Ryan Getzlaf             Mikkel Boedker           Nathan Horton            40     1   1  3  

PowerPlay Defense
   Defense                  Defense                                           Time % Phy DF OF 
 1 Mark Streit              Luke Schenn                                       60     0   2  3  
 2 Chris Higgins            Adrian Aucoin                                     40     0   2  3  

Penalty Kill 4 Players Forward 
   Center                   Wing                     Time % Phy DF OF 
 1 Randy Robitaille         Sergei Samsonov          60     1   3  1  
 2 Viktor Kozlov            Sheldon Keefe            40     1   3  1  

Penalty Kill 4 Players Defense
   Defense                  Defense                  Time % Phy DF OF 
 1 Lubomir Visnovsky        Sean Zimmerman           60     1   4  0  
 2 Adrian Aucoin            Cory Sarich              40     1   4  0  

Penalty Kill - 3 Players Forward 
   Forward                                           Time % Phy DF OF 
 1 Randy Robitaille                                  60     1   3  1  
 2 Viktor Kozlov                                     40     1   3  1  

Penalty Kill - 3 Players Defense
   Defense                  Defense                  Time % Phy DF OF 
 1 Lubomir Visnovsky        Sean Zimmerman           60     1   4  0  
 2 Adrian Aucoin            Cory Sarich              40     1   4  0  

4 vs 4 Forward 
   Center                   Wing                     Time % Phy DF OF 
 1 Anze Kopitar             Henrik Zetterberg        60     1   2  2  
 2 Ryan Getzlaf             Patrick Kane             40     2   1  2  

4 vs 4 Defense
   Defense                  Defense                  Time % Phy DF OF 
 1 Mark Streit              Cory Sarich              60     1   2  2  
 2 Lubomir Visnovsky        Adrian Aucoin            40     1   2  2  

Last Minutes Offensive
   Center                   Left Wing                Right Wing               Defense                  Defense                  
   Anze Kopitar             Henrik Zetterberg        Patrick Kane             Adrian Aucoin            Mark Streit              

Last Minutes Defensive
   Center                   Left Wing                Right Wing               Defense                  Defense                  
   Anze Kopitar             Henrik Zetterberg        Patrick Kane             Sean Zimmerman           Lubomir Visnovsky        

Goaltenders
Starting : Nikolai Khabibulin       
Backup : Ondrej Pavelec           

Extra Forwards
Normal : Anze Kopitar, Patrick Kane, Henrik Zetterberg - PP : Sergei Samsonov, Viktor Kozlov - PK : Ryan Getzlaf
Extra Defensemen
Normal : Adrian Aucoin, Lubomir Visnovsky, Luke Schenn - PP : Lubomir Visnovsky - PK : Mark Streit, Luke Schenn
Penalty Shots
Anze Kopitar, Mikkel Boedker, Patrick Kane, Nathan Horton, Sergei Samsonov

Sénateurs

5 vs 5 Forward 
   Center                   Left Wing                Right Wing               Time % Phy DF OF 
 1 Gilbert Brule            Andy McDonald            Jean-Pierre Dumont       37     1   2  2  
 2 Daymond Langkow          Darcy Hordichuk          B.J. Crombeen            30     1   2  2  
 3 Andrew Ebbett            Nikolai Kulemin          Todd Bertuzzi            23     1   2  2  
 4 Rob Niedermayer          Andy Hilbert             Nikita Alexeev           10     1   2  2  

5 vs 5 Defense 
   Defense                  Defense                                           Time % Phy DF OF 
 1 Vitaly Vishnevsky        Dan Hamhuis                                       40     1   2  2  
 2 Dan Girardi              Carlo Colaiacovo                                  30     1   2  2  
 3 Sami Salo                Ryan Parent                                       20     1   2  2  
 4 Vitaly Vishnevsky        Dan Hamhuis                                       10     1   2  2  

PowerPlay Forward 
   Center                   Left Wing                Right Wing               Time % Phy DF OF 
 1 Gilbert Brule            Andy McDonald            Jean-Pierre Dumont       60     1   2  2  
 2 Daymond Langkow          Darcy Hordichuk          Todd Bertuzzi            40     1   2  2  

PowerPlay Defense
   Defense                  Defense                                           Time % Phy DF OF 
 1 Vitaly Vishnevsky        Dan Hamhuis                                       60     1   2  2  
 2 Dan Girardi              Carlo Colaiacovo                                  40     1   2  2  

Penalty Kill 4 Players Forward 
   Center                   Wing                     Time % Phy DF OF 
 1 Gilbert Brule            Jean-Pierre Dumont       60     1   2  2  
 2 Daymond Langkow          Andy McDonald            40     1   2  2  

Penalty Kill 4 Players Defense
   Defense                  Defense                  Time % Phy DF OF 
 1 Vitaly Vishnevsky        Dan Hamhuis              60     1   2  2  
 2 Dan Girardi              Carlo Colaiacovo         40     1   2  2  

Penalty Kill - 3 Players Forward 
   Forward                                           Time % Phy DF OF 
 1 Gilbert Brule                                     60     1   2  2  
 2 Jean-Pierre Dumont                                40     1   2  2  

Penalty Kill - 3 Players Defense
   Defense                  Defense                  Time % Phy DF OF 
 1 Vitaly Vishnevsky        Dan Hamhuis              60     1   2  2  
 2 Dan Girardi              Carlo Colaiacovo         40     1   2  2  

4 vs 4 Forward 
   Center                   Wing                     Time % Phy DF OF 
 1 Gilbert Brule            Jean-Pierre Dumont       60     1   2  2  
 2 Daymond Langkow          Andy McDonald            40     1   2  2  

4 vs 4 Defense
   Defense                  Defense                  Time % Phy DF OF 
 1 Vitaly Vishnevsky        Dan Hamhuis              60     1   2  2  
 2 Dan Girardi              Carlo Colaiacovo         40     1   2  2  

Last Minutes Offensive
   Center                   Left Wing                Right Wing               Defense                  Defense                  
   Gilbert Brule            Andy McDonald            Jean-Pierre Dumont       Vitaly Vishnevsky        Dan Hamhuis              

Last Minutes Defensive
   Center                   Left Wing                Right Wing               Defense                  Defense                  
   Gilbert Brule            Andy McDonald            Jean-Pierre Dumont       Vitaly Vishnevsky        Dan Hamhuis              

Goaltenders
Starting : Jonas Hiller             
Backup : Jeff Deslauriers         

Extra Forwards
Normal : Andrew Ebbett, B.J. Crombeen, Andy Hilbert - PP : Andrew Ebbett, B.J. Crombeen - PK : Andy Hilbert
Extra Defensemen
Normal : Sami Salo, Ryan Parent, Dan Girardi - PP : Sami Salo - PK : Ryan Parent, Dan Girardi
Penalty Shots
Gilbert Brule, Jean-Pierre Dumont, Daymond Langkow, Andy McDonald, Darcy Hordichuk

% Time on Ice - Kings

Lines # - Real PCT - Wanted PCT - Time Play
Normal Forward
1 - 32% - 35% - 13:15
2 - 26% - 30% - 10:27
3 - 23% - 25% - 9:31
4 - 19% - 10% - 7:44
Normal Defense
1 - 35% - 35% - 14:21
2 - 39% - 35% - 15:55
3 - 25% - 25% - 10:02
4 - 2% - 5% - 0:39
PP Forward
1 - 59% - 60% - 7:43
2 - 41% - 40% - 5:23
PP Defense
1 - 62% - 60% - 8:09
2 - 38% - 40% - 4:57
PK Forward
1 - 83% - 60% - 4:57
2 - 17% - 40% - 1:00
PK Defense
1 - 70% - 60% - 4:09
2 - 30% - 40% - 1:48
PK3 Forward
1 - 0% - 60%
2 - 0% - 40%
PK3 Defense
1 - 0% - 60%
2 - 0% - 40%
44 Forward
1 - 92% - 60% - 4:37
2 - 8% - 40% - 0:23
44 Defense
1 - 64% - 60% - 3:11
2 - 36% - 40% - 1:49
Last Minute Offensive  - 0:00
Last Minute Defensive  - 0:00
Total
Forward - 65:00
Defense - 65:00

% Time on Ice - Sénateurs

Lines # - Real PCT - Wanted PCT - Time Play
Normal Forward
1 - 32% - 37% - 13:08
2 - 27% - 30% - 11:14
3 - 21% - 23% - 8:32
4 - 20% - 10% - 8:03
Normal Defense
1 - 36% - 40% - 14:48
2 - 34% - 30% - 13:51
3 - 25% - 20% - 10:24
4 - 5% - 10% - 1:54
PP Forward
1 - 53% - 60% - 3:09
2 - 47% - 40% - 2:48
PP Defense
1 - 59% - 60% - 3:32
2 - 41% - 40% - 2:25
PK Forward
1 - 75% - 60% - 9:48
2 - 25% - 40% - 3:15
PK Defense
1 - 64% - 60% - 8:21
2 - 36% - 40% - 4:42
PK3 Forward
1 - 100% - 60% - 0:03
2 - 0% - 40% - 0:00
PK3 Defense
1 - 100% - 60% - 0:03
2 - 0% - 40% - 0:00
44 Forward
1 - 73% - 60% - 3:40
2 - 27% - 40% - 1:20
44 Defense
1 - 58% - 60% - 2:54
2 - 42% - 40% - 2:06
Last Minute Offensive  - 0:00
Last Minute Defensive  - 0:00
Total
Forward - 65:00
Defense - 65:00

Play by Play

1st period


0:01 of 1st period - Gilbert Brule wins face-off versus Anze Kopitar in neutral zone.
0:05 of 1st period - Off-side.
0:06 of 1st period - Anze Kopitar wins face-off versus Gilbert Brule in neutral zone.
0:11 of 1st period - Slapshot by Mark Streit.
0:11 of 1st period - Shot Blocked by Andy McDonald.
0:13 of 1st period - Slapshot by Anze Kopitar.
0:13 of 1st period - Deflect By Patrick Kane.
0:13 of 1st period - Stopped by Jonas Hiller without a rebound.
0:14 of 1st period - Daymond Langkow wins face-off versus Ryan Getzlaf in Sénateurs zone.
0:43 of 1st period - Snap shot by Todd Bertuzzi.
0:43 of 1st period - Stopped by Nikolai Khabibulin with a rebound.
0:45 of 1st period - Snap shot by Todd Bertuzzi.
0:45 of 1st period - Shot Blocked by Luke Schenn.
0:47 of 1st period - Snap shot by Todd Bertuzzi.
0:47 of 1st period - Shot Misses the Net.
0:49 of 1st period - Wrist shot by Sami Salo.
0:49 of 1st period - Stopped by Nikolai Khabibulin without a rebound.
0:50 of 1st period - Rob Niedermayer wins face-off versus Randy Robitaille in Kings zone.
0:53 of 1st period - Snap shot by Nikita Alexeev.
0:53 of 1st period - Shot Blocked by Lubomir Visnovsky.
1:15 of 1st period - Dan Hamhuis is hit by Lubomir Visnovsky and loses puck.
1:22 of 1st period - Wrist shot by Nikita Alexeev.
1:22 of 1st period - Deflect By Rob Niedermayer.
1:22 of 1st period - Stopped by Nikolai Khabibulin without a rebound.
1:23 of 1st period - Gilbert Brule wins face-off versus Anze Kopitar in Kings zone.
1:24 of 1st period - Snap shot by Andy McDonald.
1:24 of 1st period - Shot Blocked by Anze Kopitar.
1:31 of 1st period - Off-side.
1:32 of 1st period - Gilbert Brule wins face-off versus Anze Kopitar in neutral zone.
1:49 of 1st period - Snap shot by Anze Kopitar.
1:49 of 1st period - Shot Misses the Net.
1:51 of 1st period - Snap shot by Anze Kopitar.
1:51 of 1st period - Deflect By Patrick Kane.
1:51 of 1st period - Stopped by Jonas Hiller with a rebound.
1:53 of 1st period - Snap shot by Patrick Kane.
1:53 of 1st period - Stopped by Jonas Hiller without a rebound.
1:54 of 1st period - Ryan Getzlaf wins face-off versus Daymond Langkow in Sénateurs zone.
2:05 of 1st period - Snap shot by Dan Girardi.
2:05 of 1st period - Deflect By Daymond Langkow.
2:05 of 1st period - Shot Blocked by Lubomir Visnovsky.
2:05 of 1st period - Puck is out of play.
2:06 of 1st period - Ryan Getzlaf wins face-off versus Andrew Ebbett in Kings zone.
3:46 of 1st period - Snap shot by Andrew Ebbett.
3:46 of 1st period - Stopped by Nikolai Khabibulin with a rebound.
4:02 of 1st period - Slapshot by Darcy Hordichuk.
4:02 of 1st period - Shot Misses the Net.
4:04 of 1st period - Snap shot by B.J. Crombeen.
4:04 of 1st period - Goal by B.J. Crombeen - Kings : 0 - Sénateurs : 1.
4:05 of 1st period - Anze Kopitar wins face-off versus Gilbert Brule in neutral zone.
5:46 of 1st period - Off-side.
5:47 of 1st period - Daymond Langkow wins face-off versus Viktor Kozlov in neutral zone.
5:58 of 1st period - Wrist shot by Daymond Langkow.
5:58 of 1st period - Stopped by Nikolai Khabibulin with a rebound.
6:00 of 1st period - Snap shot by Daymond Langkow.
6:00 of 1st period - Shot Misses the Net.
6:57 of 1st period - Sergei Samsonov is hit by Andy Hilbert and loses puck.
7:19 of 1st period - Icing by Luke Schenn.
7:20 of 1st period - Viktor Kozlov wins face-off versus Daymond Langkow in Kings zone.
7:20 of 1st period - Viktor Kozlov is hit by Darcy Hordichuk.
7:51 of 1st period - Wrist shot by Viktor Kozlov.
7:51 of 1st period - Stopped by Jonas Hiller without a rebound.
7:52 of 1st period - Gilbert Brule wins face-off versus Anze Kopitar in Sénateurs zone.
7:52 of 1st period - Gilbert Brule is hit by Cory Sarich.
8:02 of 1st period - Gilbert Brule is hit by Anze Kopitar and loses puck.
8:26 of 1st period - Wrist shot by Mark Streit.
8:26 of 1st period - Shot Misses the Net.
8:28 of 1st period - Wrist shot by Ryan Getzlaf.
8:28 of 1st period - Shot Blocked by Nikolai Kulemin.
8:42 of 1st period - Wrist shot by B.J. Crombeen.
8:42 of 1st period - Stopped by Nikolai Khabibulin with a rebound.
9:02 of 1st period - Snap shot by Sheldon Keefe.
9:02 of 1st period - Stopped by Jonas Hiller with a rebound.
9:04 of 1st period - Wrist shot by Chris Higgins.
9:04 of 1st period - Stopped by Jonas Hiller with a rebound.
9:06 of 1st period - Slapshot by Sean Zimmerman.
9:06 of 1st period - Deflect By Rob Niedermayer.
9:06 of 1st period - Stopped by Jonas Hiller with a rebound.
9:08 of 1st period - Snap shot by Viktor Kozlov.
9:08 of 1st period - Stopped by Jonas Hiller without a rebound.
9:09 of 1st period - Anze Kopitar wins face-off versus Gilbert Brule in Sénateurs zone.
9:15 of 1st period - Minor Penalty to Vitaly Vishnevsky for Hooking.
9:16 of 1st period - Anze Kopitar wins face-off versus Gilbert Brule in Sénateurs zone.
9:32 of 1st period - Snap shot by Anze Kopitar.
9:32 of 1st period - Stopped by Jonas Hiller with a rebound.
9:46 of 1st period - Jean-Pierre Dumont is hit by Ryan Getzlaf and loses puck.
11:15 of 1st period - Penalty to Vitaly Vishnevsky is over, Vitaly Vishnevsky is back on ice.
11:20 of 1st period - Ryan Parent is hit by Anze Kopitar and loses puck.
11:47 of 1st period - Snap shot by Sheldon Keefe.
11:47 of 1st period - Shot Misses the Net.
11:57 of 1st period - Wrist shot by Nikita Alexeev.
11:57 of 1st period - Shot Blocked by Sergei Samsonov.
12:27 of 1st period - Snap shot by B.J. Crombeen.
12:27 of 1st period - Stopped by Nikolai Khabibulin with a rebound.
12:43 of 1st period - Snap shot by Gilbert Brule.
12:43 of 1st period - Deflect By Andy McDonald.
12:43 of 1st period - Shot Misses the Net.
12:43 of 1st period - Puck is out of play.
12:44 of 1st period - Ryan Getzlaf wins face-off versus Gilbert Brule in Kings zone.
13:49 of 1st period - Off-side.
13:50 of 1st period - Viktor Kozlov wins face-off versus Rob Niedermayer in neutral zone.
13:55 of 1st period - Snap shot by Chris Higgins.
13:55 of 1st period - Shot Blocked by Carlo Colaiacovo.
13:57 of 1st period - Snap shot by Viktor Kozlov.
13:57 of 1st period - Shot Misses the Net.
13:59 of 1st period - Slapshot by Viktor Kozlov.
13:59 of 1st period - Deflect By Sheldon Keefe.
13:59 of 1st period - Shot Blocked by Carlo Colaiacovo.
13:59 of 1st period - Puck is out of play.
14:00 of 1st period - Anze Kopitar wins face-off versus Gilbert Brule in Sénateurs zone.
14:05 of 1st period - Wrist shot by Patrick Kane.
14:05 of 1st period - Stopped by Jonas Hiller with a rebound.
14:07 of 1st period - Slapshot by Luke Schenn.
14:07 of 1st period - Shot Blocked by Dan Girardi.
14:12 of 1st period - Minor Penalty to Dan Girardi for Hooking.
14:13 of 1st period - Anze Kopitar wins face-off versus Gilbert Brule in Sénateurs zone.
14:19 of 1st period - Wrist shot by Patrick Kane.
14:19 of 1st period - Stopped by Jonas Hiller with a rebound.
14:21 of 1st period - Wrist shot by Luke Schenn.
14:21 of 1st period - Shot Blocked by Dan Hamhuis.
14:23 of 1st period - Slapshot by Luke Schenn.
14:23 of 1st period - Stopped by Jonas Hiller without a rebound.
14:24 of 1st period - Henrik Zetterberg wins face-off versus Gilbert Brule in Sénateurs zone.
14:41 of 1st period - Slapshot by Patrick Kane.
14:41 of 1st period - Shot Misses the Net.
15:03 of 1st period - Off-side.
15:04 of 1st period - Anze Kopitar wins face-off versus Daymond Langkow in neutral zone.
15:07 of 1st period - Dan Hamhuis is hit by Anze Kopitar and loses puck.
15:37 of 1st period - Snap shot by Ryan Getzlaf.
15:37 of 1st period - Shot Misses the Net.
16:12 of 1st period - Penalty to Dan Girardi is over, Dan Girardi is back on ice.
16:17 of 1st period - Snap shot by Justin Williams.
16:17 of 1st period - Stopped by Jonas Hiller with a rebound.
16:43 of 1st period - Slapshot by Gilbert Brule.
16:43 of 1st period - Stopped by Nikolai Khabibulin with a rebound.
16:45 of 1st period - Slapshot by Vitaly Vishnevsky.
16:45 of 1st period - Stopped by Nikolai Khabibulin without a rebound.
16:46 of 1st period - Daymond Langkow wins face-off versus Anze Kopitar in Kings zone.
17:28 of 1st period - Ryan Parent is hit by Sheldon Keefe and loses puck.
17:49 of 1st period - Wrist shot by Todd Bertuzzi.
17:49 of 1st period - Shot Misses the Net.
17:57 of 1st period - Snap shot by Andrew Ebbett.
17:57 of 1st period - Stopped by Nikolai Khabibulin with a rebound.
17:59 of 1st period - Wrist shot by Andrew Ebbett.
17:59 of 1st period - Shot Misses the Net.
18:05 of 1st period - Wrist shot by Todd Bertuzzi.
18:05 of 1st period - Stopped by Nikolai Khabibulin without a rebound.
18:06 of 1st period - Daymond Langkow wins face-off versus Anze Kopitar in Kings zone.
18:15 of 1st period - Dan Hamhuis is hit by Anze Kopitar and loses puck.
18:32 of 1st period - Dan Hamhuis is hit by Henrik Zetterberg and loses puck.
18:36 of 1st period - Icing by Vitaly Vishnevsky.
18:37 of 1st period - Ryan Getzlaf wins face-off versus Gilbert Brule in Sénateurs zone.
18:40 of 1st period - Snap shot by Ryan Getzlaf.
18:40 of 1st period - Stopped by Jonas Hiller without a rebound.
18:41 of 1st period - Anze Kopitar wins face-off versus Gilbert Brule in Sénateurs zone.
18:46 of 1st period - Wrist shot by Patrick Kane.
18:46 of 1st period - Stopped by Jonas Hiller with a rebound.
19:09 of 1st period - Minor Penalty to B.J. Crombeen for High sticking.
19:10 of 1st period - Anze Kopitar wins face-off versus Gilbert Brule in Sénateurs zone.
19:40 of 1st period - Backhand shot by Mark Streit.
19:40 of 1st period - Shot Misses the Net.
19:42 of 1st period - Snap shot by Ryan Getzlaf.
19:42 of 1st period - Stopped by Jonas Hiller without a rebound.
19:43 of 1st period - Gilbert Brule wins face-off versus Ryan Getzlaf in Sénateurs zone.
Goals for this period are 0 for Kings vs 1 for Sénateurs.
Shots for this period are 16 for Kings vs 12 for Sénateurs.

2nd period


0:01 of 2nd period - Patrick Kane wins face-off versus Gilbert Brule in neutral zone.
0:38 of 2nd period - Snap shot by Andy McDonald.
0:38 of 2nd period - Shot Misses the Net.
0:40 of 2nd period - Snap shot by Daymond Langkow.
0:40 of 2nd period - Stopped by Nikolai Khabibulin without a rebound.
0:41 of 2nd period - Gilbert Brule wins face-off versus Patrick Kane in Kings zone.
0:42 of 2nd period - Snap shot by Jean-Pierre Dumont.
0:42 of 2nd period - Stopped by Nikolai Khabibulin without a rebound.
0:43 of 2nd period - Anze Kopitar wins face-off versus Gilbert Brule in Kings zone.
0:43 of 2nd period - Anze Kopitar is hit by Jean-Pierre Dumont.
0:55 of 2nd period - Snap shot by Patrick Kane.
0:55 of 2nd period - Stopped by Jonas Hiller with a rebound.
1:05 of 2nd period - Minor Penalty to Dan Girardi for Roughing.
1:06 of 2nd period - Anze Kopitar wins face-off versus Gilbert Brule in Sénateurs zone.
1:09 of 2nd period - Penalty to B.J. Crombeen is over, B.J. Crombeen is back on ice.
1:19 of 2nd period - Snap shot by Patrick Kane.
1:19 of 2nd period - Goal by Patrick Kane - Kings : 1 - Sénateurs : 1.
1:20 of 2nd period - Mikkel Boedker wins face-off versus Gilbert Brule in neutral zone.
1:33 of 2nd period - Patrick Kane is hit by Andy McDonald and loses puck.
1:46 of 2nd period - Ryan Getzlaf is hit by Daymond Langkow.
2:34 of 2nd period - Sergei Samsonov is hit by Dan Girardi and loses puck.
3:21 of 2nd period - Icing by Adrian Aucoin.
3:22 of 2nd period - Andrew Ebbett wins face-off versus Anze Kopitar in Kings zone.
3:45 of 2nd period - Icing by Adrian Aucoin.
3:46 of 2nd period - Daymond Langkow wins face-off versus Ryan Getzlaf in Kings zone.
3:49 of 2nd period - Wrist shot by Darcy Hordichuk.
3:49 of 2nd period - Shot Misses the Net.
3:51 of 2nd period - Slapshot by B.J. Crombeen.
3:51 of 2nd period - Shot Misses the Net.
3:53 of 2nd period - Snap shot by Carlo Colaiacovo.
3:53 of 2nd period - Stopped by Nikolai Khabibulin with a rebound.
3:55 of 2nd period - Slapshot by Dan Girardi.
3:55 of 2nd period - Deflect By Darcy Hordichuk.
3:55 of 2nd period - Shot Misses the Net.
3:55 of 2nd period - Puck is out of play.
3:56 of 2nd period - Ryan Getzlaf wins face-off versus Gilbert Brule in Kings zone.
4:28 of 2nd period - Snap shot by Chris Higgins.
4:28 of 2nd period - Stopped by Jonas Hiller with a rebound.
4:45 of 2nd period - Minor Penalty to Mikkel Boedker for Diving.
4:46 of 2nd period - Andy McDonald wins face-off versus Randy Robitaille in Kings zone.
4:47 of 2nd period - Snap shot by Gilbert Brule.
4:47 of 2nd period - Stopped by Nikolai Khabibulin without a rebound.
4:48 of 2nd period - Randy Robitaille wins face-off versus Gilbert Brule in Kings zone.
5:21 of 2nd period - Wrist shot by Darcy Hordichuk.
5:21 of 2nd period - Shot Misses the Net.
5:23 of 2nd period - Wrist shot by Darcy Hordichuk.
5:23 of 2nd period - Shot Misses the Net.
5:25 of 2nd period - Slapshot by Carlo Colaiacovo.
5:25 of 2nd period - Stopped by Nikolai Khabibulin with a rebound.
5:49 of 2nd period - Snap shot by Adrian Aucoin.
5:49 of 2nd period - Stopped by Jonas Hiller without a rebound.
5:50 of 2nd period - Ryan Getzlaf wins face-off versus Gilbert Brule in Sénateurs zone.
5:51 of 2nd period - Slapshot by Chris Higgins.
5:51 of 2nd period - Stopped by Jonas Hiller with a rebound.
6:37 of 2nd period - Darcy Hordichuk is hit by Sheldon Keefe and loses puck.
6:45 of 2nd period - Penalty to Mikkel Boedker is over, Mikkel Boedker is back on ice.
6:52 of 2nd period - Slapshot by Andy Hilbert.
6:52 of 2nd period - Stopped by Nikolai Khabibulin without a rebound.
6:53 of 2nd period - Ryan Getzlaf wins face-off versus Rob Niedermayer in Kings zone.
7:18 of 2nd period - Sami Salo is hit by Mikkel Boedker and loses puck.
7:59 of 2nd period - Snap shot by Mark Streit.
7:59 of 2nd period - Shot Misses the Net.
8:21 of 2nd period - Slapshot by Randy Robitaille.
8:21 of 2nd period - Shot Misses the Net.
8:23 of 2nd period - Snap shot by Randy Robitaille.
8:23 of 2nd period - Shot Blocked by Vitaly Vishnevsky.
8:25 of 2nd period - Backhand shot by Mark Streit.
8:25 of 2nd period - Deflect By Sergei Samsonov.
8:25 of 2nd period - Stopped by Jonas Hiller with a rebound.
8:27 of 2nd period - Slapshot by Sean Zimmerman.
8:27 of 2nd period - Shot Misses the Net.
8:29 of 2nd period - Wrist shot by Randy Robitaille.
8:29 of 2nd period - Shot Misses the Net.
8:31 of 2nd period - Slapshot by Randy Robitaille.
8:31 of 2nd period - Shot Misses the Net.
10:11 of 2nd period - Snap shot by Justin Williams.
10:11 of 2nd period - Shot Misses the Net.
10:23 of 2nd period - Wrist shot by Andy Hilbert.
10:23 of 2nd period - Stopped by Nikolai Khabibulin with a rebound.
10:48 of 2nd period - Wrist shot by Rob Niedermayer.
10:48 of 2nd period - Shot Misses the Net.
10:50 of 2nd period - Wrist shot by Carlo Colaiacovo.
10:50 of 2nd period - Stopped by Nikolai Khabibulin with a rebound.
10:52 of 2nd period - Slapshot by Rob Niedermayer.
10:52 of 2nd period - Deflect By Nikita Alexeev.
10:52 of 2nd period - Shot Misses the Net.
10:52 of 2nd period - Puck is out of play.
10:53 of 2nd period - Andy McDonald wins face-off versus Anze Kopitar in Kings zone.
10:54 of 2nd period - Wrist shot by Gilbert Brule.
10:54 of 2nd period - Shot Misses the Net.
11:02 of 2nd period - Slapshot by Jean-Pierre Dumont.
11:02 of 2nd period - Deflect By Andy McDonald.
11:02 of 2nd period - Stopped by Nikolai Khabibulin with a rebound.
11:04 of 2nd period - Slapshot by Dan Hamhuis.
11:04 of 2nd period - Shot Misses the Net.
11:06 of 2nd period - Slapshot by Vitaly Vishnevsky.
11:06 of 2nd period - Stopped by Nikolai Khabibulin with a rebound.
11:23 of 2nd period - Wrist shot by B.J. Crombeen.
11:23 of 2nd period - Deflect By Daymond Langkow.
11:23 of 2nd period - Shot Blocked by Henrik Zetterberg.
11:23 of 2nd period - Puck is out of play.
11:24 of 2nd period - Ryan Getzlaf wins face-off versus Gilbert Brule in Kings zone.
11:29 of 2nd period - Snap shot by Andy McDonald.
11:29 of 2nd period - Stopped by Nikolai Khabibulin with a rebound.
11:54 of 2nd period - Snap shot by Vitaly Vishnevsky.
11:54 of 2nd period - Stopped by Nikolai Khabibulin without a rebound.
11:55 of 2nd period - Anze Kopitar wins face-off versus B.J. Crombeen in Kings zone.
11:55 of 2nd period - Anze Kopitar is hit by Dan Hamhuis.
12:10 of 2nd period - Slapshot by Dan Hamhuis.
12:10 of 2nd period - Stopped by Nikolai Khabibulin with a rebound.
12:20 of 2nd period - Vitaly Vishnevsky is hit by Viktor Kozlov and loses puck.
12:27 of 2nd period - Snap shot by Viktor Kozlov.
12:27 of 2nd period - Shot Blocked by Dan Hamhuis.
12:29 of 2nd period - Slapshot by Mark Streit.
12:29 of 2nd period - Shot Misses the Net.
13:07 of 2nd period - Snap shot by B.J. Crombeen.
13:07 of 2nd period - Shot Misses the Net.
13:11 of 2nd period - Snap shot by B.J. Crombeen.
13:11 of 2nd period - Stopped by Nikolai Khabibulin with a rebound.
13:13 of 2nd period - Slapshot by Ryan Parent.
13:13 of 2nd period - Stopped by Nikolai Khabibulin without a rebound.
13:14 of 2nd period - Gilbert Brule wins face-off versus Anze Kopitar in Kings zone.
13:27 of 2nd period - Gilbert Brule is hit by Adrian Aucoin and loses puck.
13:41 of 2nd period - Off-side.
13:42 of 2nd period - Viktor Kozlov wins face-off versus Daymond Langkow in neutral zone.
13:47 of 2nd period - Wrist shot by Sheldon Keefe.
13:47 of 2nd period - Shot Misses the Net.
13:49 of 2nd period - Snap shot by Sheldon Keefe.
13:49 of 2nd period - Stopped by Jonas Hiller without a rebound.
13:50 of 2nd period - Jean-Pierre Dumont wins face-off versus Anze Kopitar in Sénateurs zone.
13:50 of 2nd period - Jean-Pierre Dumont is hit by Mikkel Boedker.
14:16 of 2nd period - Slapshot by Dan Hamhuis.
14:16 of 2nd period - Stopped by Nikolai Khabibulin with a rebound.
14:18 of 2nd period - Slapshot by Vitaly Vishnevsky.
14:18 of 2nd period - Deflect By Darcy Hordichuk.
14:18 of 2nd period - Shot Misses the Net.
14:18 of 2nd period - Puck is out of play.
14:19 of 2nd period - Ryan Getzlaf wins face-off versus Daymond Langkow in Kings zone.
14:26 of 2nd period - Snap shot by Daymond Langkow.
14:26 of 2nd period - Stopped by Nikolai Khabibulin with a rebound.
14:28 of 2nd period - Slapshot by Carlo Colaiacovo.
14:28 of 2nd period - Stopped by Nikolai Khabibulin without a rebound.
14:29 of 2nd period - Gilbert Brule wins face-off versus Anze Kopitar in Kings zone.
14:56 of 2nd period - Snap shot by Viktor Kozlov.
14:56 of 2nd period - Stopped by Jonas Hiller with a rebound.
14:58 of 2nd period - Snap shot by Viktor Kozlov.
14:58 of 2nd period - Shot Blocked by Carlo Colaiacovo.
15:00 of 2nd period - Slapshot by Sean Zimmerman.
15:00 of 2nd period - Shot Blocked by Carlo Colaiacovo.
15:20 of 2nd period - Mark Streit is hit by B.J. Crombeen and loses puck.
15:27 of 2nd period - Slapshot by B.J. Crombeen.
15:27 of 2nd period - Stopped by Nikolai Khabibulin without a rebound.
15:28 of 2nd period - Andrew Ebbett wins face-off versus Anze Kopitar in Kings zone.
15:33 of 2nd period - Wrist shot by Todd Bertuzzi.
15:33 of 2nd period - Shot Misses the Net.
15:35 of 2nd period - Slapshot by Dan Hamhuis.
15:35 of 2nd period - Stopped by Nikolai Khabibulin with a rebound.
15:37 of 2nd period - Backhand shot by Andrew Ebbett.
15:37 of 2nd period - Shot Misses the Net.
15:39 of 2nd period - Slapshot by Vitaly Vishnevsky.
15:39 of 2nd period - Stopped by Nikolai Khabibulin with a rebound.
15:55 of 2nd period - Luke Schenn is hit by Dan Hamhuis and loses puck.
16:17 of 2nd period - Minor Penalty to Viktor Kozlov for Holding.
16:18 of 2nd period - Gilbert Brule wins face-off versus Randy Robitaille in Kings zone.
17:53 of 2nd period - Wrist shot by Chris Higgins.
17:53 of 2nd period - Shot Blocked by Jean-Pierre Dumont.
18:17 of 2nd period - Penalty to Viktor Kozlov is over, Viktor Kozlov is back on ice.
18:50 of 2nd period - Major Penalty to Sami Salo for Kneeing.
18:51 of 2nd period - Anze Kopitar wins face-off versus Gilbert Brule in Sénateurs zone.
19:00 of 2nd period - Snap shot by Anze Kopitar.
19:00 of 2nd period - Shot Misses the Net.
19:02 of 2nd period - Slapshot by Luke Schenn.
19:02 of 2nd period - Shot Misses the Net.
19:24 of 2nd period - Wrist shot by Henrik Zetterberg.
19:24 of 2nd period - Shot Misses the Net.
19:26 of 2nd period - Slapshot by Henrik Zetterberg.
19:26 of 2nd period - Stopped by Jonas Hiller without a rebound.
19:27 of 2nd period - Daymond Langkow wins face-off versus Ryan Getzlaf in Sénateurs zone.
19:27 of 2nd period - Daymond Langkow is hit by Adrian Aucoin.
19:41 of 2nd period - Snap shot by Nathan Horton.
19:41 of 2nd period - Stopped by Jonas Hiller with a rebound.
19:43 of 2nd period - Slapshot by Adrian Aucoin.
19:43 of 2nd period - Deflect By Jean-Pierre Dumont.
19:43 of 2nd period - Stopped by Jonas Hiller with a rebound.
Goals for this period are 1 for Kings vs 0 for Sénateurs.
Shots for this period are 11 for Kings vs 21 for Sénateurs.

3rd period


0:01 of 3rd period - Gilbert Brule wins face-off versus Anze Kopitar in neutral zone.
0:04 of 3rd period - Luke Schenn is hit by Jean-Pierre Dumont and loses puck.
3:50 of 3rd period - Penalty to Sami Salo is over, Sami Salo is back on ice.
4:30 of 3rd period - Snap shot by Nikita Alexeev.
4:30 of 3rd period - Shot Misses the Net.
5:29 of 3rd period - Rob Niedermayer is hit by Mikkel Boedker and loses puck.
5:46 of 3rd period - Snap shot by Nathan Horton.
5:46 of 3rd period - Deflect By Henrik Zetterberg.
5:46 of 3rd period - Shot Blocked by Darcy Hordichuk.
5:46 of 3rd period - Puck is out of play.
5:47 of 3rd period - Daymond Langkow wins face-off versus Ryan Getzlaf in Sénateurs zone.
6:29 of 3rd period - Randy Robitaille is hit by Sami Salo and loses puck.
6:36 of 3rd period - Wrist shot by Sergei Samsonov.
6:36 of 3rd period - Stopped by Jonas Hiller without a rebound.
6:37 of 3rd period - Daymond Langkow wins face-off versus Anze Kopitar in Sénateurs zone.
7:28 of 3rd period - Icing by Jean-Pierre Dumont.
7:29 of 3rd period - Viktor Kozlov wins face-off versus Gilbert Brule in Sénateurs zone.
8:37 of 3rd period - Rob Niedermayer is hit by Patrick Kane and loses puck.
8:44 of 3rd period - Wrist shot by Anze Kopitar.
8:44 of 3rd period - Shot Blocked by Carlo Colaiacovo.
8:46 of 3rd period - Slapshot by Luke Schenn.
8:46 of 3rd period - Stopped by Jonas Hiller without a rebound.
8:47 of 3rd period - Gilbert Brule wins face-off versus Viktor Kozlov in Sénateurs zone.
9:12 of 3rd period - Darcy Hordichuk is hit by Mikkel Boedker and loses puck.
9:39 of 3rd period - Wrist shot by Nikolai Kulemin.
9:39 of 3rd period - Shot Misses the Net.
9:41 of 3rd period - Slapshot by Dan Girardi.
9:41 of 3rd period - Shot Misses the Net.
10:07 of 3rd period - Jean-Pierre Dumont is hit by Justin Williams and loses puck.
10:20 of 3rd period - Wrist shot by Sergei Samsonov.
10:20 of 3rd period - Stopped by Jonas Hiller with a rebound.
10:22 of 3rd period - Slapshot by Sean Zimmerman.
10:22 of 3rd period - Shot Misses the Net.
10:24 of 3rd period - Wrist shot by Viktor Kozlov.
10:24 of 3rd period - Shot Blocked by Ryan Parent.
10:26 of 3rd period - Snap shot by Sheldon Keefe.
10:26 of 3rd period - Shot Blocked by Ryan Parent.
10:28 of 3rd period - Snap shot by Viktor Kozlov.
10:28 of 3rd period - Shot Misses the Net.
10:30 of 3rd period - Snap shot by Chris Higgins.
10:30 of 3rd period - Stopped by Jonas Hiller with a rebound.
10:32 of 3rd period - Snap shot by Viktor Kozlov.
10:32 of 3rd period - Shot Misses the Net.
10:42 of 3rd period - Rob Niedermayer is hit by Mikkel Boedker and loses puck.
10:57 of 3rd period - Snap shot by Rob Niedermayer.
10:57 of 3rd period - Stopped by Nikolai Khabibulin with a rebound.
10:59 of 3rd period - Snap shot by Nikita Alexeev.
10:59 of 3rd period - Stopped by Nikolai Khabibulin with a rebound.
11:01 of 3rd period - Slapshot by Ryan Parent.
11:01 of 3rd period - Deflect By Rob Niedermayer.
11:01 of 3rd period - Shot Misses the Net.
11:01 of 3rd period - Puck is out of play.
11:02 of 3rd period - Andy McDonald wins face-off versus Ryan Getzlaf in Kings zone.
11:13 of 3rd period - Snap shot by Gilbert Brule.
11:13 of 3rd period - Shot Misses the Net.
12:15 of 3rd period - Minor Penalty to Sergei Samsonov for Holding.
12:16 of 3rd period - Ryan Getzlaf wins face-off versus Andy McDonald in Kings zone.
14:15 of 3rd period - Penalty to Sergei Samsonov is over, Sergei Samsonov is back on ice.
14:21 of 3rd period - Slapshot by Adrian Aucoin.
14:21 of 3rd period - Stopped by Jonas Hiller without a rebound.
14:22 of 3rd period - Mikkel Boedker wins face-off versus Andrew Ebbett in Sénateurs zone.
15:01 of 3rd period - Slapshot by Dan Girardi.
15:01 of 3rd period - Stopped by Nikolai Khabibulin without a rebound.
15:02 of 3rd period - Gilbert Brule wins face-off versus Randy Robitaille in Kings zone.
16:53 of 3rd period - Todd Bertuzzi is hit by Sheldon Keefe.
17:15 of 3rd period - Wrist shot by Daymond Langkow.
17:15 of 3rd period - Deflect By B.J. Crombeen.
17:15 of 3rd period - Stopped by Nikolai Khabibulin with a rebound.
17:29 of 3rd period - Minor Penalty to Carlo Colaiacovo for Tripping.
17:30 of 3rd period - Gilbert Brule wins face-off versus Anze Kopitar in Sénateurs zone.
17:41 of 3rd period - Slapshot by Patrick Kane.
17:41 of 3rd period - Stopped by Jonas Hiller without a rebound.
17:42 of 3rd period - Anze Kopitar wins face-off versus Gilbert Brule in Sénateurs zone.
19:29 of 3rd period - Penalty to Carlo Colaiacovo is over, Carlo Colaiacovo is back on ice.
Goals for this period are 0 for Kings vs 0 for Sénateurs.
Shots for this period are 6 for Kings vs 4 for Sénateurs.

Overtime #1


0:01 of 1st overtime period - Gilbert Brule wins face-off versus Anze Kopitar in neutral zone.
0:16 of 1st overtime period - Snap shot by Gilbert Brule.
0:16 of 1st overtime period - Shot Misses the Net.
1:48 of 1st overtime period - Carlo Colaiacovo is hit by Sergei Samsonov and loses puck.
4:34 of 1st overtime period - Backhand shot by Daymond Langkow.
4:34 of 1st overtime period - Shot Hit the Post.
Goals for this period are 0 for Kings vs 0 for Sénateurs.
Shots for this period are 0 for Kings vs 0 for Sénateurs.

ShootOut


5:00 of 1st overtime period - Penalty Shot by Anze Kopitar for Kings.
5:00 of 1st overtime period - Deke by Anze Kopitar.
5:00 of 1st overtime period - Stopped by Jonas Hiller.
5:00 of 1st overtime period - Penalty Shot by Gilbert Brule for Sénateurs.
5:00 of 1st overtime period - Wrist shot by Gilbert Brule.
5:00 of 1st overtime period - Goal by Gilbert Brule.
5:00 of 1st overtime period - Penalty Shot by Mikkel Boedker for Kings.
5:00 of 1st overtime period - Snap shot by Mikkel Boedker.
5:00 of 1st overtime period - Stopped by Jonas Hiller.
5:00 of 1st overtime period - Penalty Shot by Jean-Pierre Dumont for Sénateurs.
5:00 of 1st overtime period - Snap shot by Jean-Pierre Dumont.
5:00 of 1st overtime period - Stopped by Nikolai Khabibulin.
5:00 of 1st overtime period - Penalty Shot by Patrick Kane for Kings.
5:00 of 1st overtime period - Wrist shot by Patrick Kane.
5:00 of 1st overtime period - Stopped by Jonas Hiller.


Output by the SimonT Hockey Simulator (STHS) for François Prévost -- Original Page W3C XHTML 1.0 Valid
Hockey Simulator - Hockey Simulation - Hockey Manager